cohdb
Replays
Latest Replays
All Replays
Popular Replays
Top Player Replays
Match Explorer
How It Works
Community
CoH3 Stats
Reddit
Sign in to upload your games and track your stats! →
Sign in with Steam
Match 42307368
Unlisted
Match 42307368
Overview
Messages
Build Orders
End
Panzerpioneer Squad
250 Light Carrier
Selects Armored Support Battlegroup
Panzerpioneer Squad
Construct Light Support Kompanie
Construct Mechanized Kompanie
Selects Veteran Gunners
Selects Salvage Kits
Vehicle Survival Package
Tungsten Core Ammunition
MG34 Team
Assault Mechanized Group
8 Rad Armored Car
Support Armor Elements
Combat Half-tracks
Marder III Tank Destroyer
Selects Panzer Storm
Assault Mechanized Group
Emergency Repair Kits
Marder III Tank Destroyer
254 Reconnaissance Tractor
Selects Flammpanzer III Medium Tank
Flammpanzer III Medium Tank
Flammpanzer III Medium Tank
Assault Mechanized Group
Selects Command Panzer IV F Medium Tank
Panzer Storm
Panzer Storm
2.5-tonne Medical Truck
Panzer Storm
Selects Stuka Anti-tank Loiter
Command Panzer IV F Medium Tank
Flammpanzer III Medium Tank
Stuka Anti-tank Loiter
Rapid Advance
布莱克.迪克
7no2
Tok3n x Operator
MonoChrome
0
0
Comments
sign in to comment!
No comments posted yet!